 Dungeon Crawl Stone Soup version 0.27-a0-836-gfc908b8576 (webtiles) character file.

Game seed: 6748961860603138224

14882 polve the Transmogrifier (level 11, 0/126 HPs)
             Began as a White Draconian Transmuter on Mar 30, 2021.
             Slain by Rupert
             ... wielding a +1 vorpal great mace
              (5 damage)
             ... on level 3 of the Lair of Beasts on Mar 31, 2021.
             The game lasted 00:31:35 (15136 turns).

polve the Transmogrifier (DrTm)                    Turns: 15136, Time: 00:31:36

Health: 0/126      AC:  9    Str: 13      XL:     11   Next: 94%
Magic:  14/18      EV: 10    Int: 22      God:
Gold:   489        SH:  0    Dex: 10 (12) Spells: 4/19 levels left

rFire    . . .     SeeInvis .     - Unarmed
rCold    . . .     Faith    .   (shield currently unavailable)
rNeg     . . .     Spirit   .   (armour unavailable)
rPois    +         Reflect  .   (helmet currently unavailable)
rElec    .         Harm     .   (cloak currently unavailable)
rCorr    .         Rampage  .   (gloves currently unavailable)
Will     +....                  (boots currently unavailable)
Stlth    ++........             p - amulet of Sucoguoc {Regen+ Stlth+}
HPRegen  1.31/turn              k - ring of willpower
MPRegen  0.16/turn              t - +6 ring of intelligence

@: hydra-form, studying Bows
A: fast swimmer, devour, amphibious, boosted hp, (breathe frost), AC +7, very
large, unfitting armour, (cold resistance 1), (cold-blooded), evolution 1
a: End Transformation


You were on level 3 of the Lair of Beasts.
You were a six-headed hydra.
You visited 3 branches of the dungeon, and saw 14 of its levels.

You collected 879 gold pieces.
You spent 390 gold pieces at shops.

Inventory:

Armour
 f - a scarf of resistance (melded)
 h - a +2 pair of boots (melded)
 F - a +2 pair of gloves (melded)
Jewellery
 k - a ring of willpower (left foreclaw)
 p - the amulet of Sucoguoc (around neck) {Regen+ Stlth+}
   (You bought it in a shop on level 4 of the Dungeon)

   [amulet of regeneration]

   It increases your rate of health regeneration.
   It makes you more stealthy.
 t - a +6 ring of intelligence (right foreclaw)
Wands
 e - a wand of flame (45)
 m - a wand of digging (5)
 u - a wand of iceblast (6)
Scrolls
 a - 4 scrolls of fog
 c - a scroll of silence {unknown}
 d - 3 scrolls of teleportation
 g - a scroll of blinking {unknown}
 i - 4 scrolls of amnesia
 l - 3 scrolls of magic mapping
 n - a scroll of enchant armour {unknown}
 r - a scroll of enchant weapon
 y - a scroll of torment {unknown}
 D - a scroll of vulnerability {unknown}
Potions
 b - 2 potions of cancellation
 j - 2 potions of ambrosia
 o - 3 potions of curing
 q - 2 potions of resistance
 s - a potion of brilliance
 w - a potion of attraction
 A - a potion of flight
 B - a potion of magic


   Skills:
 - Level 9.6 Fighting
 - Level 8.2 Dodging
 - Level 3.0 Unarmed Combat
 - Level 4.8 Spellcasting
 + Level 14.0 Transmutations


You had 4 spell levels left.
You knew the following spells:

 Your Spells              Type           Power      Damage    Failure   Level
a - Beastly Appendage     Tmut           100%       N/A       1%          1
b - Wereblood             Tmut           61%        N/A       1%          2
c - Spider Form           Tmut/Pois      18%        N/A       1%          3
d - Ice Form              Ice/Tmut       36%        N/A       6%          4
e - Hydra Form            Tmut           30%        N/A       1%          5

Your spell library contained the following spells:

 Spells                   Type           Power      Damage    Failure   Level
 Animate Skeleton         Necr           10%        N/A       11%         1
 Apportation              Tloc           10%        N/A       11%         1
 Corona                   Hex            5%         N/A       11%         1
 Pain                     Necr           20%        1d5       11%         1
 Summon Small Mammal      Summ           20%        N/A       11%         1
 Static Discharge         Conj/Air       5%         N/A       30%         3
 Vampiric Draining        Necr           2%         2d6       30%         3
 Animate Dead             Necr           2%         N/A       71%         4
 Agony                    Necr           5%         N/A       96%         5
 Lightning Bolt           Conj/Air       2%         1d14      96%         5
 Ignition                 Fire           2%         3d3       100%        8
 Shatter                  Erth           2%         3d6*      100%        9
 Tornado                  Air            2%         N/A       100%        9


Dungeon Overview and Level Annotations

Branches:
Dungeon (10/15)            Temple (1/1) D:4            Lair (3/6) D:10
  Swamp: Lair:2-4    Shoals: Lair:2-4     Snake: Lair:2-4    Spider: Lair:2-4
    Orc: D:9-12

Altars:
Ashenzari
Cheibriados
Dithmenos
Elyvilon
Fedhas
Gozag
Hepliaklqana
Kikubaaqudgha
Makhleb
Nemelex Xobeh
Okawaru
Qazlal
Ru
Sif Muna
Trog
Uskayaw
Vehumet
Wu Jian
Xom
Yredelemnul
Zin
The Shining One
Lugonu

Shops:
D:4 !=[*=   D:5 [

Portals:
Trove: D:10 (give +5 fire dragon scales)

Annotations:
Lair:3 Rupert; Vestruh's ghost, journeyman DDFi


Innate Abilities, Weirdness & Mutations

You are a six-headed hydra.
You swim very quickly.
You can devour living enemies to heal.
You are amphibious.
Your maximum health is greatly increased.
Your armour is entirely melded.
You are incapable of wielding weapons or throwing items.
((You can breathe waves of freezing cold which knock back foes.))
((Your icy white scales are hard. (AC +7)))
You cannot fit into any form of body armour.
((Your flesh is cold resistant. (rC+)))
((You are cold-blooded and may be slowed by cold attacks.))
You evolve.


Message History

Aiming: Throw Flame
Press: ? - help, Shift-Dir - straight line, f/p - Rupert
Aim: Rupert, wielding a +1 vorpal great mace and wearing a +0 leather armour (lightly wounded, 32% to evade)
The puff of flame misses Rupert.
Rupert yells loudly at you.
You are confused.
You feel better.
You turn into a six-headed hydra.
Your scarf of resistance melds into your body.
Your +2 pair of gloves melds into your body.
Your +2 pair of boots melds into your body.
You feel hot and cold all over.
Rupert roars madly and goes into a rage!
Rupert goes berserk!
Rupert misses you.
You gouge Rupert!!
Rupert is lightly wounded.
You bite the fungus!
The fungus begins to die.
Rupert closely misses you.
You bite Rupert!
Rupert is lightly wounded.
You nip at the fungus.
Rupert hits you with a +1 vorpal great mace.
Rupert hits you with a +1 vorpal great mace!!!
You nip at Rupert.
Rupert is moderately wounded.
You bite the fungus! Rupert closely misses you.
You barely miss Rupert.
Rupert is lightly wounded.
You nip at the fungus.
A nearby fungus withers and dies.
Rupert hits you with a +1 vorpal great mace!! x2
* * * LOW HITPOINT WARNING * * *
x2
Okay, then.
You feel much better.
You have got your breath back.
Rupert misses you.
You feel much better.
Rupert hits you with a +1 vorpal great mace!
Rupert hits you with a +1 vorpal great mace!!!
* * * LOW HITPOINT WARNING * * *
You die...

##...####### ♣
#......##..###♣
#........#...#♣
##.............#
##....#.........#
#......###......#
###....##
#......>
######.#....#
#.......
#.....D..####
#.......
#....@#..#
#P#.....
#....#####
####.... #....#
###.. ......##
### .....#. #
....... # .......
.. ..#.... ..


You could see Rupert (berserk).

Vanquished Creatures
  2 two-headed ogres
  Pikel (D:5)
  A black mamba (Lair:2)
  A gargoyle (D:10)
  7 cane toads
  An unseen horror (D:10)
  3 komodo dragons
  A polar bear (Lair:2)
  A troll (D:9)
  5 blink frogs
  A wyvern (Lair:3)
  10 yaks
  A basilisk (Lair:1)
  A steam dragon (D:7)
  Menkaure (D:6)
  2 acid dragons
  Edmund (D:6)
  3 water moccasins
  Duvessa (D:6)
  A hornet zombie (D:8)
  3 sky beasts
  A black bear (D:5)
  2 orc warriors
  A necrophage (D:4)
  6 wolves (Lair:1)
  An ogre (D:9)
  3 centaurs
  2 phantoms
  4 kobold brigands
  7 bullfrogs
  3 scorpions
  A wyvern zombie (D:7)
  Dowan (D:6)
  A wyvern skeleton (D:5)
  A water moccasin skeleton (D:5)
  5 killer bees (D:8)
  5 electric eels
  5 wights (D:10)
  4 howler monkeys
  3 bullfrog zombies
  4 centaur zombies
  4 jellies
  3 gnoll shamans
  5 orc priests
  3 centaur skeletons
  A hound (D:4)
  An iguana (D:4)
  9 orc wizards
  A killer bee zombie (D:6)
  A hound zombie (D:5)
  A hound skeleton (D:5)
  2 howler monkey zombies
  12 gnolls
  14 adders
  A shadow imp (D:8)
  2 white imps
  An ufetubus (D:5)
  2 adder skeletons
  4 worms
  A dart slug (D:4)
  17 orcs
  6 endoplasms
  A giant cockroach (D:4)
  10 goblins
  8 hobgoblins
  17 jackals
  4 quokkas
  8 ball pythons
  5 bats
  4 frilled lizards
  26 kobolds
  5 rats
287 creatures vanquished.

Vanquished Creatures (others)
  9 fungi
  12 plants
21 creatures vanquished.

Grand Total: 308 creatures vanquished

Notes
Turn   | Place    | Note
-------+----------+-------------------------------------------
     0 | D:1      | polve the Draconian Transmuter began the quest for the Orb.
     0 | D:1      | Reached XP level 1. HP: 16/16 MP: 3/3
   203 | D:1      | Reached XP level 2. HP: 23/23 MP: 5/5
   341 | D:1      | Reached skill level 3 in Transmutations
   817 | D:1      | Reached XP level 3. HP: 25/28 MP: 4/6
  2102 | D:2      | Found an ornate altar of the Wu Jian Council.
  2176 | D:2      | Reached skill level 4 in Transmutations
  2874 | D:3      | Reached XP level 4. HP: 13/35 MP: 5/7
  3733 | D:3      | Noticed a phantom
  3766 | D:3      | Killed a phantom
  3767 | D:3      | Reached skill level 5 in Transmutations
  3767 | D:3      | Reached XP level 5. HP: 7/40 MP: 8/8
  4393 | D:3      | Found a basalt altar of Yredelemnul.
  4428 | D:3      | Found a faded altar of an unknown god.
  4909 | D:4      | Found Koluamm's Antique Armour Shoppe.
  4925 | D:4      | Found a staircase to the Ecumenical Temple.
  4952 | D:4      | Found Huyrr's Assorted Antiques.
  4981 | D:4      | Reached skill level 6 in Transmutations
  5009 | D:4      | Bought a faintly glowing ruby amulet for 150 gold pieces
  5009 | D:4      | Identified the amulet of Sucoguoc {Regen+ Stlth+} (You
                  | bought it in a shop on level 4 of the Dungeon)
  5038 | D:4      | Found a glowing golden altar of the Shining One.
  5203 | D:4      | Found a shimmering altar of Xom.
  5203 | D:4      | Found an opulent altar of Gozag.
  5206 | D:4      | Found a burning altar of Makhleb.
  5215 | D:4      | Found a hide-covered altar of Uskayaw.
  5217 | D:4      | Found a broken altar of Ashenzari.
  5219 | D:4      | Found a shimmering blue altar of Sif Muna.
  5221 | D:4      | Found a sparkling altar of Nemelex Xobeh.
  5222 | D:4      | Found an iron altar of Okawaru.
  5299 | D:4      | Found Gyaschimu's Jewellery Shoppe.
  5333 | D:4      | Reached XP level 6. HP: 43/47 MP: 7/9
  5354 | D:4      | Found Cuojet's Jewellery Emporium.
  5427 | D:4      | Found Coiw's Distillery.
  5475 | D:4      | Reached skill level 7 in Transmutations
  5613 | D:5      | Entered Level 5 of the Dungeon
  5630 | D:5      | Noticed a sky beast
  5694 | D:4      | Killed a sky beast
  5695 | D:4      | Your scales start taking on an icy white colour.
  5695 | D:4      | Reached XP level 7. HP: 10/52 MP: 10/10
  5695 | D:4      | Gained mutation: Your flesh is cold resistant. (rC+) [White
                  | Draconian growth]
  5775 | D:5      | Found an iron altar of Okawaru.
  5802 | D:5      | Reached skill level 8 in Transmutations
  5909 | D:5      | Reached skill level 9 in Transmutations
  5960 | D:5      | Noticed Pikel
  6036 | D:5      | Killed Pikel
  6037 | D:5      | Reached skill level 10 in Transmutations
  6037 | D:5      | Reached XP level 8. HP: 14/59 MP: 11/11
  6171 | D:5      | Found Jegog's Armour Emporium.
  6281 | D:5      | Found a transporter.
  6387 | D:5      | Found a transporter.
  6522 | D:5      | Reached skill level 11 in Transmutations
  7057 | D:5      | Learned a level 2 spell: Wereblood
  7061 | D:5      | Learned a level 3 spell: Spider Form
  7066 | D:5      | Learned a level 4 spell: Ice Form
  7218 | D:6      | Reached XP level 9. HP: 40/64 MP: 12/12
  7289 | D:6      | Noticed Menkaure
  7301 | D:6      | Killed Menkaure
  7343 | D:6      | Noticed Edmund
  7381 | D:6      | Killed Edmund
  7382 | D:6      | Reached skill level 12 in Transmutations
  7641 | D:6      | Noticed Dowan
  7644 | D:6      | Noticed Duvessa
  7677 | D:6      | Killed Duvessa
  7692 | D:6      | Killed Dowan
  8217 | D:7      | Found a stormy altar of Qazlal.
  8460 | D:7      | Found a white marble altar of Elyvilon.
  8469 | D:7      | Learned a level 5 spell: Hydra Form
  9258 | D:8      | Reached skill level 5 in Fighting
  9402 | D:8      | Found a sparkling altar of Nemelex Xobeh.
  9448 | D:8      | Reached XP level 10. HP: 52/83 MP: 13/17
 10228 | D:9      | Noticed a two-headed ogre
 10262 | D:9      | Killed a two-headed ogre
 10807 | D:10     | Entered Level 10 of the Dungeon
 10807 | D:10     | Noticed a two-headed ogre
 10910 | D:9      | Identified the +9 chain mail of Ashenzari's Favour {rPois
                  | Str-5 Dex+6}
 11005 | D:10     | Noticed a gargoyle
 11015 | D:10     | Killed a gargoyle
 11139 | D:10     | Found a staircase to the Lair.
 11262 | D:10     | Killed a two-headed ogre
 11263 | D:10     | Reached skill level 5 in Dodging
 11431 | D:10     | Reached XP level 11. HP: 97/97 MP: 18/18
 11679 | D:10     | Found a portal to a secret trove of treasure.
 11797 | D:10     | Upgraded the game from 0.27-a0-828-g8289197e94 to
                  | 0.27-a0-836-gfc908b8576
 11833 | Lair:1   | Entered Level 1 of the Lair of Beasts
 12030 | Lair:1   | Noticed a seven-headed hydra
 12620 | Lair:1   | You fall into a shaft and drop 1 floor!
 13782 | D:4      | Bought an embroidered scarf for 240 gold pieces
 13798 | D:4      | Gained mutation: You evolve. [potion of mutation]
 13807 | Temple   | Entered the Ecumenical Temple
 14045 | Lair:1   | Reached skill level 13 in Transmutations
 14536 | Lair:2   | Identified the +1 leather armour "Wicveax" {rPois rF+ rC+
                  | Str+4}
 14991 | Lair:3   | Reached skill level 14 in Transmutations
 15036 | Lair:3   | Noticed a minotaur
 15037 | Lair:3   | Noticed Vestruh's ghost (journeyman DDFi)
 15037 | Lair:3   | Noticed a five-headed hydra
 15119 | Lair:3   | Noticed Rupert
 15136 | Lair:3   | HP: 5/126 [Rupert/+1 vorpal great mace (42)]
 15136 | Lair:3   | Slain by Rupert

Illustrated notes

Levels and vault maps discovered:
D:1:      psy_arrival_statuary, layout_basic
D:2:      layout_basic, marbit_many_paths, minmay_pentomino_x2
D:3:      layout_basic, lemuel_round_altar, chequers_ecumenical_altar_grove
D:4:      layout_basic, tso_altar, minitemple, minmay_temple_entry_offerings,
          serial_shops, nicolae_shop_trees, nicolae_shop_stone, shop_fountains,
          nicolae_shop_crystal, nicolae_shop_trees, item_on_display_a
D:5:      gammafunk_steamed_eel, layout_loops_corners, serial_shops,
          nicolae_shop_crystal, minmay_ruined_shrine, uniq_pikel
D:6:      layout_cave_pools, uniq_edmund, uniq_menkaure, uniq_duvessa
D:7:      layout_gridville, nicolae_overflow_crystal_walls, old_standard_altar
D:8:      layout_basic, nemelex_lonely_heart_becter
D:9:      layout_basic, grunt_ogre_cave
D:10:     layout_loops_ring, lair_entry_dummy, enter_trove_6
Temple:   corrupted_temple
Lair:1:   layout_cave_pods, amcnicky_mini_pool_medium
Lair:2:   layout_loops_ring, serial_bayou_lagoon_b, grunt_megastairs_4
Lair:3:   layout_misc_corridors, maelrawn_ghost_gauntlet_escape,
          minmay_stone_trees_small, serial_bayou_shore_a, lemuel_fruit_fields,
          grunt_megastairs_5, uniq_rupert

Skill      XL: |  1  2  3  4  5  6  7  8  9 10 11 |
---------------+----------------------------------+-----
Transmutations | 3 4 5 6 7 10 11 12 14 | 14.0
Spellcasting   | 4 |  4.8
Fighting       | 5 9 |  9.6
Dodging        | 5 8 |  8.2
Unarmed Combat | |  3.0

Action                   |  1- 3 |  4- 6 |  7- 9 | 10-12 || total
-------------------------+-------+-------+-------+-------++-------
Melee: Unarmed           |   177 |   164 |   513 |   340 ||  1194
       Kick              |    25 |    31 |    53 |       ||   109
       Tailslap          |    12 |    17 |    61 |     2 ||    92
       Headbutt          |    16 |    24 |    38 |       ||    78
       Punch             |     1 |     1 |     7 |       ||     9
 Cast: Beastly Appendage |    34 |    28 |    20 |     1 ||    83
       Hydra Form        |       |       |     7 |    30 ||    37
       Spider Form       |       |       |     4 |       ||     4
       Wereblood         |       |       |     3 |       ||     3
       Ice Form          |       |       |       |     3 ||     3
 Abil: Breathe Frost     |       |       |    29 |    11 ||    40
       End Transformatio |       |       |     1 |       ||     1
Evoke: Wand              |       |       |     7 |     2 ||     9
  Use: Potion            |       |     6 |     6 |    11 ||    23
       Scroll            |       |       |       |    11 ||    11
 Stab: Sleeping          |       |     2 |     1 |     2 ||     5
Armor: Skin              |    64 |    47 |   236 |   120 ||   467
Dodge: Dodged            |   131 |    77 |   350 |   171 ||   729

Table legend: (Time is in decaauts)
 A = Elapsed time spent in this place.
 B = Non-inter-level travel time spent in this place.
 C = Inter-level travel time spent in this place.
 D = Time resting spent in this place.
 E = Time spent auto-exploring this place.
 F = Levels seen in this place.
 G = Mean time per level.
                   A        B        C        D        E       F      G
               +--------+--------+--------+--------+--------+-----+--------+
         Total |  15074 |  14279 |    795 |    315 |  11360 |  14 | 1076.7 |
       Dungeon |  12178 |  11548 |    630 |    279 |   9131 |  10 | 1217.8 |
        Temple |     40 |     28 |     12 |      0 |     27 |   1 |   40.0 |
          Lair |   2855 |   2702 |    153 |     36 |   2202 |   3 |  951.7 |
               +--------+--------+--------+--------+--------+-----+--------+

Top non-repeatable levels by time:
     D:3: 2149 daAuts
     D:2: 1544 daAuts
     D:5: 1412 daAuts
  Lair:2: 1355 daAuts
  Lair:1: 1350 daAuts
     D:9: 1128 daAuts
     D:1: 1116 daAuts
    D:10: 1109 daAuts
     D:7: 1025 daAuts
     D:8: 996 daAuts
     D:4: 908 daAuts
     D:6: 787 daAuts
  Lair:3: 149 daAuts
  Temple: 40 daAuts
